 Dungeon Crawl Stone Soup version 0.25-a0-665-ga69d64035b (webtiles) character file.

Game seed: 18424697174422900991, levelgen mode: deterministic

6008 Arthanis the Cleaver (level 10, 0/66 HPs)
             Began as a Gargoyle Berserker on Mar 26, 2020.
             Was a Priest of Trog.
             Slain by an orc knight
             ... wielding a +0 long sword
              (20 damage)
             ... on level 8 of the Dungeon.
             The game lasted 00:16:36 (7164 turns).

Arthanis the Cleaver (Gargoyle Berserker)           Turns: 7164, Time: 00:16:37

Health: 0/66       AC: 21    Str: 21    XL:     10   Next: 85%
Magic:  13/13      EV:  7    Int: 11    God:    Trog [***...]
Gold:   354        SH:  0    Dex:  9    Spells: 9/9 levels left

rFire    . . .     SeeInvis .   a - +0 hand axe
rCold    . . .     Gourm    .   (no shield)
rNeg     + + .     Faith    +   f - +0 plate armour
rPois    ∞         Spirit   .   (no helmet)
rElec    +         Reflect  .   O - scarf {repulsion}
rCorr    .         Harm     .   (no gloves)
MR       +++..                  L - +0 pair of boots (curse)
Stlth    ..........             i - amulet of faith
HPRegen  1.21/turn              E - ring of protection from magic
MPRegen  0.13/turn              K - ring of positive energy

@: berserk cooldown, regenerating, slowed, repel missiles, very slow
A: negative energy resistance 1, electricity resistance, unbreathing,
petrification resistance, rot immunity, AC +7
a: Berserk, Trog's Hand, Renounce Religion


You were on level 8 of the Dungeon.
You worshipped Trog.
Trog was most pleased with you.
You were very hungry.

You visited 1 branch of the dungeon, and saw 8 of its levels.
You also visited: Ossuary.

You collected 370 gold pieces.
You spent 16 gold pieces at shops.

Inventory:

Hand Weapons
 a - a +0 hand axe (weapon)
 d - a +0 morningstar
 o - a +2 quarterstaff of chaos
 B - a +4 antimagic lajatang
 H - a +0 spear
Armour
 b - a +0 animal skin
 f - a +0 plate armour (worn)
 n - a +0 scale mail
 t - a scarf of resistance
 y - a +0 scale mail of fire resistance
 J - the cursed +1 robe "Diyc" {rPois, unknown}
   (You found it on level 7 of the Dungeon)

   It protects you from poison.
   It has a curse placed upon it.
 L - a cursed +0 pair of boots (worn)
 O - a scarf of repulsion (worn)
Jewellery
 i - an amulet of faith (around neck)
 E - a ring of protection from magic (left hand)
 K - a ring of positive energy (right hand)
Wands
 C - a wand of polymorph (3)
Scrolls
 e - a scroll of blinking
 g - 3 scrolls of teleportation
 k - 2 scrolls of enchant weapon
 m - 2 scrolls of fear
 p - a scroll of fog
 r - 5 scrolls of remove curse
 v - 3 scrolls of enchant armour
 z - a scroll of silence
 A - a scroll of magic mapping {unknown}
 D - a scroll of immolation
 F - a scroll of vulnerability
 G - 2 scrolls of amnesia
 N - a scroll of identify
Potions
 h - a potion of degeneration {unknown}
 j - 4 potions of curing
 l - 3 potions of haste
 q - 2 potions of might {unknown}
 s - a potion of lignification {unknown}
 u - a potion of mutation {unknown}
 w - a potion of stabbing {unknown}
 x - 4 potions of flight {unknown}
Comestibles
 c - 7 rations
 M - 5 chunks of flesh


   Skills:
 + Level 9.3 Fighting
 * Level 10.6 Axes
 + Level 6.7 Armour
 + Level 2.9 Dodging
 - Level 4.1 Evocations


You had 9 spell levels left.
You didn't know any spells.
Your spell library contained the following spells:

 Spells                   Type           Power        Failure   Level  Hunger
 Apportation              Tloc           #.....       100%        1    ##.....
 Corona                   Hex            #......      100%        1    ##.....
 Magic Dart               Conj           #...         100%        1    ##.....
 Searing Ray              Conj           #.....       100%        2    ###....
 Slow                     Hex            #.......     100%        2    ###....
 Dazzling Flash           Conj/Hex       #.....       100%        3    ####...
 Gell's Gravitas          Tloc           #.........   100%        3    ####...
 Inner Flame              Hex/Fire       #.......     100%        3    ####...
 Portal Projectile        Hex/Tloc       #.....       100%        3    ####...
 Cause Fear               Hex            #.........   100%        4    #####..
 Fulminant Prism          Conj/Hex       #.........   100%        4    #####..
 Iskenderun's Mystic Bla  Conj/Tloc      #.......     100%        4    #####..
 Leda's Liquefaction      Hex/Erth       #.........   100%        4    #####..
 Yara's Violent Unravell  Hex/Tmut       #.........   100%        5    ######.
 Dispersal                Tloc           #.........   100%        6    #######


Dungeon Overview and Level Annotations

Branches:
Dungeon (8/15)             Temple (0/1) D:5         Ossuary (visited)
   Lair: D:8-11

Altars:
Ashenzari
Dithmenos
Fedhas
Gozag
Hepliaklqana
Kikubaaqudgha
Nemelex Xobeh
Okawaru
Sif Muna
Vehumet
Xom
Yredelemnul

Shops:
D:8 [[:(


Innate Abilities, Weirdness & Mutations

You are resistant to torment.
Your stone body is resilient. (AC +7)
You are immune to poison.
You resist negative energy. (rN+)
You are resistant to electric shocks. (rElec)
You can survive without breathing.
You are immune to petrification.
You are immune to rotting.


Message History

Some of the chunks of flesh in your inventory have rotted away.
You feel the effects of Trog's Hand fading.
The orc knight hits you with a +0 long sword!
* * * LOW HITPOINT WARNING * * *
The orc knight hits you but does no damage.
Eat one of 6 chunks of flesh? (ye/n/q)
You eat one of the 6 chunks of flesh.
This raw flesh tastes terrible.
You are feeling hungry.
Your skin stops crawling.
You feel less resistant to hostile enchantments.
The orc knight hits you but does no damage.
You feel better. The orc knight barely misses you.
The orc knight hits you but does no damage.
Your skin crawls.
You feel resistant to hostile enchantments.
You are feeling very hungry.
The orc knight hits you with a +0 long sword.
* * * LOW HITPOINT WARNING * * *
The orc knight hits you with a +0 long sword!!
You die...

.# #....# #.≈≈≈... .# #....#
.o#.≈≈≈... ... #.(..# #h###≈≈...
#######''''#############oo.#≈≈P..
.......................#ooo#≈≈...
≈≈≈≈≈≈≈....≈≈≈≈≈≈≈≈≈≈≈≈#####≈≈...
≈≈≈≈≈≈≈....≈≈≈≈≈≈≈≈≈≈≈≈≈≈≈≈≈≈≈...
≈≈≈≈≈≈≈....≈≈≈≈≈≈≈≈≈≈≈≈≈)≈≈≈)≈)..
................@o......)........
########))#######################
##.## #..# ##.## #..# ##.## #..#
##.##


You could see an orc knight.

Vanquished Creatures
  An unseen horror (D:8)
  An orc sorcerer (D:8)
  A hungry ghost (D:8)
  14 wargs (D:8)
  An ice beast (D:7)
  7 orc warriors (D:8)
  A black bear (D:7)
  Purgy (D:3)
  3 ogres
  A phantom (D:8)
  2 sky beasts
  2 necrophages
  An eye of draining (D:8)
  A centaur (D:6)
  A big kobold (D:6)
  3 bullfrogs
  A water moccasin zombie (D:7)
  A scorpion (D:7)
  6 killer bees (D:8)
  A crimson imp (D:7)
  An orc priest (D:4)
  3 hounds
  A centaur skeleton (D:8)
  Crazy Yiuf (D:3)
  2 bullfrog skeletons (D:6)
  5 orc wizards
  2 iguanas
  2 worker ants
  6 big kobold zombies (Ossuary)
  A hound zombie (D:7)
  A hound skeleton (D:6)
  A mummy (Ossuary)
  A howler monkey zombie (D:5)
  A howler monkey skeleton (D:4)
  7 adders
  9 gnolls
  3 oozes
  An adder skeleton (D:8)
  2 dart slugs (D:1)
  7 leopard geckos
  30 orcs
  3 spectral bats (Ossuary)
  3 giant cockroaches
  5 hobgoblins
  4 jackals (D:2)
  6 kobolds
  10 quokkas
  2 ball pythons
  4 bats
  2 bat simulacra (Ossuary)
  2 frilled lizards
  6 gnoll zombies (Ossuary)
  7 goblins
  A goblin simulacrum (Ossuary)
  6 goblin zombies
  3 hobgoblin zombies (Ossuary)
  5 kobold simulacra (Ossuary)
  6 kobold zombies (Ossuary)
  A leopard gecko skeleton (D:8)
  4 orc zombies (Ossuary)
  A quokka skeleton (D:7)
  6 rats
  2 rat simulacra (Ossuary)
  A rat zombie (D:4)
  3 spectral goblins (Ossuary)
  3 spectral kobolds (Ossuary)
  5 spectral rats (Ossuary)
238 creatures vanquished.

Vanquished Creatures (others)
  A plant (D:8)
1 creature vanquished.

Grand Total: 239 creatures vanquished

Notes
Turn   | Place    | Note
-------+----------+-------------------------------------------
     0 | D:1      | Arthanis the Gargoyle Berserker began the quest for the
                  | Orb.
     0 | D:1      | Reached XP level 1. HP: 14/14 MP: 1/1
   237 | D:1      | Reached XP level 2. HP: 8/19 MP: 2/2
   344 | D:1      | Reached skill level 3 in Axes
   864 | D:2      | Reached XP level 3. HP: 17/23 MP: 3/3
   902 | D:2      | Reached ** piety under Trog
  1008 | D:2      | Found a hazy altar of Hepliaklqana.
  1014 | D:2      | Found an iron altar of Okawaru.
  1407 | D:3      | Reached XP level 4. HP: 29/29 MP: 4/4
  1455 | D:3      | Noticed Purgy
  1468 | D:3      | Killed Purgy
  1468 | D:3      | Reached skill level 4 in Axes
  1468 | D:3      | Reached XP level 5. HP: 33/33 MP: 5/5
  1479 | D:3      | Found a basalt altar of Yredelemnul.
  1786 | D:3      | Noticed a sky beast
  1803 | D:3      | Killed a sky beast
  1803 | D:3      | Reached XP level 6. HP: 39/39 MP: 6/6
  2310 | D:3      | Found a runed translucent door.
  2311 | D:3      | Noticed Crazy Yiuf
  2319 | D:3      | Killed Crazy Yiuf
  2364 | D:4      | Found a sand-covered staircase.
  2376 | Ossuary  | Entered an ossuary
  2400 | Ossuary  | Reached *** piety under Trog
  2566 | Ossuary  | Reached skill level 5 in Axes
  2655 | Ossuary  | Reached **** piety under Trog
  2722 | Ossuary  | Reached skill level 5 in Fighting
  2763 | Ossuary  | Reached XP level 7. HP: 43/44 MP: 7/7
  3051 | D:4      | Identified the Collected Works on Displaced Fascination
  3142 | D:4      | Found a shattered altar of Ashenzari.
  3628 | D:5      | Entered Level 5 of the Dungeon
  3645 | D:5      | Reached skill level 6 in Axes
  3735 | D:5      | Found a staircase to the Ecumenical Temple.
  3809 | D:5      | Reached ***** piety under Trog
  3809 | D:5      | Received a gift from Trog
  4315 | D:6      | Found a shimmering altar of Xom.
  4428 | D:6      | Reached XP level 8. HP: 46/51 MP: 8/8
  4548 | D:6      | Reached skill level 7 in Axes
  5316 | D:7      | Reached skill level 8 in Axes
  5474 | D:7      | Reached skill level 1 in Evocations
  5493 | D:7      | Reached XP level 9. HP: 32/57 MP: 9/9
  5682 | D:7      | Found a sparkling altar of Nemelex Xobeh.
  5685 | D:7      | Found an opulent altar of Gozag.
  5719 | D:7      | Found a shadowy altar of Dithmenos.
  5722 | D:7      | Found a blossoming altar of Fedhas.
  5765 | D:7      | Got a brightly glowing robe
  5960 | D:8      | Found Taotaus's Armour Shop.
  5988 | D:8      | Bought a cursed +0 pair of boots for 16 gold pieces
  6007 | D:8      | Received a gift from Trog
  6018 | D:8      | Found Ciesch's Antique Armour Shoppe.
  6025 | D:8      | Reached skill level 5 in Armour
  6085 | D:8      | Found a shimmering blue altar of Sif Muna.
  6085 | D:8      | Found an ancient bone altar of Kikubaaqudgha.
  6093 | D:8      | Found a radiant altar of Vehumet.
  6098 | D:8      | Reached skill level 9 in Axes
  6116 | D:8      | Identified Sif Muna's Almanac of Translocation
  6209 | D:8      | Killed an unseen horror
  6302 | D:8      | Found Baisobo's Book Emporium.
  6311 | D:8      | Found Fuhighaw's Weapon Shoppe.
  6469 | D:8      | Reached XP level 10. HP: 60/64 MP: 12/12
  6644 | D:8      | Noticed an orc sorcerer
  6666 | D:8      | Killed an orc sorcerer
  6666 | D:8      | Reached skill level 10 in Axes
  6942 | D:8      | HP: 3/66 [warg (4)]
  7086 | D:8      | Noticed an orc knight
  7156 | D:8      | HP: 2/66 [orc knight/+0 long sword (9)]
  7164 | D:8      | Slain by an orc knight

Levels and vault maps discovered:
D:1:      roderic_octagonal_star, layout_basic
D:2:      layout_rooms, minitemple
D:3:      layout_basic, lemuel_coloured_pillars_altar, first_ration, uniq_purgy,
          uniq_crazy_yiuf_cottage
D:4:      layout_gridville, kennysheep_little_box, enter_ossuary_4
D:5:      layout_basic, minmay_temple_entry_tees
D:6:      layout_basic, xom_teletrap_fun, kennysheep_generic_room_16
D:7:      layout_basic, grunt_temple_overflow_cloverleaf
D:8:      lemuel_castle_with_subvaults [lemuel_castle_interior_carwin_2],
          layout_gridville, grunt_temple_overflow_magic_moments, serial_shops,
          shop, shop, nicolae_shop_stone, shop

Skill      XL: |  1  2  3  4  5  6  7  8  9 10 |
---------------+-------------------------------+-----
Axes           | 3 4 5 6 8 9 10 | 10.6
Dodging        | 2 |  2.9
Armour         | 3 4 5 6 |  6.7
Fighting       | 4 5 6 7 8 9 |  9.3
Evocations     | 1 3 4 |  4.1

Action                   |  1- 3 |  4- 6 |  7- 9 | 10-12 || total
-------------------------+-------+-------+-------+-------++-------
Melee: Hand axe          |   161 |   283 |   600 |   147 ||  1191
       Lajatang          |       |       |       |    43 ||    43
       Spear             |       |       |       |    12 ||    12
Invok: Berserk           |     3 |     4 |    15 |     6 ||    28
       Trog's Hand       |       |     1 |     5 |     8 ||    14
Evoke: Wand              |       |       |       |    14 ||    14
  Use: Scroll            |       |       |    13 |       ||    13
       Potion            |       |       |       |     1 ||     1
  Eat: Chunk             |     5 |     6 |    23 |    12 ||    46
       Ration            |       |     1 |     2 |       ||     3
Armor: Animal skin       |    16 |       |       |       ||    16
       Scale mail        |     8 |       |       |       ||     8
       Plate armour      |   134 |   186 |   566 |   180 ||  1066
Dodge: Dodged            |    85 |    87 |   178 |    71 ||   421

Table legend:
 A = Non-vault XP
 B = Vault XP
 C = Vault XP percentage of total XP
 D = Non-vault monster count
 E = Vault monster count
 F = Vault count percentage of total count
                 A         B        C        D         E       F
            +---------+---------+-------+---------+---------+-------
      Total |    4347 |    4236 |  49.4 |     149 |      89 |  37.4
            +---------+---------+-------+---------+---------+-------
        D:1 |      30 |       0 |   0.0 |      16 |       0 |   0.0
        D:2 |      49 |       0 |   0.0 |      24 |       0 |   0.0
        D:3 |     163 |     161 |  49.7 |      13 |       2 |  13.3
        D:4 |     235 |       2 |   0.8 |      18 |       2 |  10.0
        D:5 |     298 |       0 |   0.0 |      12 |       0 |   0.0
        D:6 |     694 |     144 |  17.2 |      24 |       2 |   7.7
        D:7 |     877 |       0 |   0.0 |      17 |       0 |   0.0
        D:8 |    2001 |    3699 |  64.9 |      25 |      28 |  52.8
    Ossuary |       0 |     230 | 100.0 |       0 |      55 | 100.0
            +---------+---------+-------+---------+---------+-------
